 Seeded DCSS version 0.30.1-9-gdf580d7c3d (webtiles) character file.

Game seed: 2394977854812512649 (custom seed)

15 Psyclone the Conjurer (level 2, 15/15 HPs)
             Began as a Deep Elf Conjurer on Oct 12, 2023.
             Was an Initiate of Gozag.
             Quit the game in the Ecumenical Temple.
             The game lasted 00:00:41 (370 turns).

Psyclone the Conjurer (Deep Elf Conjurer)            Turns: 370, Time: 00:00:41

Health: 15/15      AC:  2    Str:  4    XL:     2   Next: 34%
Magic:  8/8        EV: 12    Int: 22    God:    Gozag
Gold:   1379       SH:  0    Dex: 13    Spells: 4/7 levels left

rFire   . . .        j - +2 dagger (elec)
rCold   . . .        (no shield)
rNeg    . . .        a - +0 robe
rPois   .            (no helmet)
rElec   .            (no cloak)
rCorr   .            (no gloves)
SInv    .            (no boots)
Will    .....        (no amulet)
Stlth   ++           (no ring)
HPRegen 0.22/turn    (no ring)
MPRegen 0.11/turn

%: no passive effects
@: no status effects
A: no striking features
a: Renounce Religion, Potion Petition, Call Merchant, Bribe Branch


You were in the Ecumenical Temple.
You worshipped Gozag.
Gozag was most pleased with you.
You visited 2 branches of the dungeon, and saw 6 of its levels.

You collected 2673 gold pieces.
You spent 648 gold pieces at shops.
You paid 646 gold pieces to Gozag.

Inventory:

Hand Weapons
 c - the +5 spear "Qihut" {elec, rElec rF+ rC+ Int+3}
   (You bought it in a shop in the Ecumenical Temple)

   Int:       It affects your intelligence (+3).
   rF:        It protects you from fire.
   rC:        It protects you from cold.
   rElec:     It insulates you from electricity.
 j - a +2 dagger of electrocution (weapon)
 k - the +3 longbow of a sewer {freeze, rC+ rN+ Str+2}
   (You bought it in a shop in the Ecumenical Temple)

   Str:       It affects your strength (+2).
   rC:        It protects you from cold.
   rN:        It protects you from negative energy.
 l - the +9 trident of the Cursing Genius {drain, rPois rC+}
   (You bought it in a shop in the Ecumenical Temple)

   rC:        It protects you from cold.
   rPois:     It protects you from poison.
 m - the +7 spear "Kuil Kuakk" {antimagic, rF+ Will+ Str-4 Int+2}
   (You bought it in a shop in the Ecumenical Temple)

   Str:       It affects your strength (-4).
   Int:       It affects your intelligence (+2).
   rF:        It protects you from fire.
   Will:      It increases your willpower.
Armour
 a - a +0 robe (worn)
Scrolls
 e - a scroll of identify {unknown}
 f - a scroll of teleportation {unknown}
Potions
 b - a potion of magic
 d - 2 potions of berserk rage {unknown}
 g - a potion of lignification {unknown}
 h - a potion of brilliance {unknown}
 i - a potion of mutation {unknown}


   Skills:
 - Level 2.4 Dodging
 - Level 2.4 Stealth
 - Level 3.0 Spellcasting
 + Level 5.1 Conjurations


You had 4 spell levels left.
You knew the following spells:

 Your Spells              Type           Power      Damage    Failure   Level
a - Magic Dart            Conj           100%       1d8       1%          1
b - Searing Ray           Conj           50%        2d6       2%          2

Your spell library contained the following spells:

 Spells                   Type           Power      Damage    Failure   Level
 Dazzling Flash           Conj/Hex       28%        N/A       13%         3
 Fulminant Prism          Conj/Hex       7%         3d7       41%         4
 Iskenderun's Mystic Bla  Conj/Tloc      14%        2d5       41%         4


Dungeon Overview and Level Annotations

Branches:
Dungeon (5/15) Zot: 26992  Temple (1/1) D:5 Zot: 5919

Altars:
Gozag
Xom

Shops:
D:2 !   Temple (


Message History

Found a stone staircase leading down.
You see here a +2 dagger of electrocution.
You hear the crackle of electricity.
j - a +2 dagger of electrocution (weapon)
MP restored: 8
There is a stone staircase leading down here.
You climb downwards.
Found 2 orange potions, 11 gold pieces and a short sword.
Found a stone staircase leading down.
There is a stone staircase leading up here.
A sourceless malevolence fills the Dungeon...
You fall into a shaft and drop 1 floor!
The shaft crumbles and collapses.
Found a scroll labelled VOPOOLL BORIET.
Found a staircase to the Ecumenical Temple.
There is a staircase to the Ecumenical Temple here.
You climb downwards.
Welcome to the Ecumenical Temple!
There is a staircase back to the Dungeon here.
Found a shimmering altar of Xom.
Found an opulent altar of Gozag.
There is an opulent altar of Gozag here.
This is a scroll of acquirement!
Something appears at your feet! Something appears at your feet!
You now have 2673 gold pieces (gained 2616).
You kneel at the altar of Gozag.
Gozag welcomes you!
You pay a service fee of 81 gold.
You have enough gold to petition Gozag for potion effects.
You have enough gold to fund merchants seeking to open stores in the dungeon. [a] 451 gold - Okaez's Weapon Boutique [b] 425 gold - Lilygar's Magic Scroll Shoppe [c] 565 gold - Lidwecuo's Antique Weapon Shop Fund which merchant?
Lidwecuo invites you to visit their Antique Weapon Shop.
c - the +5 spear "Qihut" {elec, rElec rF+ rC+ Int+3}
k - the +3 longbow of a sewer {freeze, rC+ rN+ Str+2}
l - the +9 trident of the Cursing Genius {drain, rPois rC+}
m - the +7 spear "Kuil Kuakk" {antimagic, rF+ Will+ Str-4 Int+2} Thank you for shopping at Lidwecuo's Antique Weapon Shop!
Unknown command.
Unknown command.
Are you sure you want to abandon this character and quit the game? (Confirm with "yes".)

.# ._ #### .# #.#
#.. #_.### .# #.#
#.#
#.#..###.##.##.# #
#####..##.#.#.##..
###.........#
###.....##
####..@....####
........<.......
.####.......####
##.....##
...#.#...
.##.#.#.##. #
.##.##. # .# #.#
#. .# #.# #.


There were no monsters in sight!

Vanquished Creatures
  2 ball pythons
  3 endoplasms
  A giant cockroach (D:1)
  2 goblins (D:1)
  A hobgoblin (D:1)
  A bat (D:1)
  2 frilled lizards
  2 rats
14 creatures vanquished.

Notes
Turn   | Place    | Note
-------+----------+-------------------------------------------
     0 | D:1      | Psyclone the Deep Elf Conjurer began the quest for the Orb.
     0 | D:1      | Reached XP level 1. HP: 10/10 MP: 6/6
    93 | D:1      | Reached XP level 2. HP: 15/15 MP: 2/8
    96 | D:1      | Learned a level 2 spell: Searing Ray
   174 | D:1      | Reached skill level 5 in Conjurations
   222 | D:2      | Found Utwiat's Distillery.
   281 | D:4      | You fall into a shaft and drop 1 floor!
   281 | D:5      | Entered Level 5 of the Dungeon
   281 | D:5      | Found a staircase to the Ecumenical Temple.
   289 | Temple   | Entered the Ecumenical Temple
   305 | Temple   | Identified 2 scrolls of acquirement
   305 | Temple   | Acquired 1325 gold pieces
   309 | Temple   | Acquired 1291 gold pieces
   311 | Temple   | Became a worshipper of Gozag Ym Sagoz the Greedy
   370 | Temple   | Bought a twisted spear for 144 gold pieces
   370 | Temple   | Identified the +5 spear "Qihut" {elec, rElec rF+ rC+ Int+3}
                  | (You bought it in a shop in the Ecumenical Temple)
   370 | Temple   | Bought a translucent longbow for 207 gold pieces
   370 | Temple   | Identified the +3 longbow of a sewer {freeze, rC+ rN+
                  | Str+2} (You bought it in a shop in the Ecumenical Temple)
   370 | Temple   | Bought a shimmering trident for 153 gold pieces
   370 | Temple   | Identified the +9 trident of the Cursing Genius {drain,
                  | rPois rC+} (You bought it in a shop in the Ecumenical
                  | Temple)
   370 | Temple   | Bought a slimy spear for 144 gold pieces
   370 | Temple   | Identified the +7 spear "Kuil Kuakk" {antimagic, rF+ Will+
                  | Str-4 Int+2} (You bought it in a shop in the Ecumenical
                  | Temple)
   370 | Temple   | Quit the game

Illustrated notes

Levels and vault maps discovered:
D:1:      saegor_arrival_simple_c, layout_rooms
D:2:      layout_basic, serial_shops, shop, uniq_sigmund
D:3:      layout_basic, marbit_many_paths, serial_curves, eino_curves_01,
          eino_curves_03
D:4:      layout_cave_pools, kennysheep_mini_moat, dk_noncrumbling_3
D:5:      layout_gridville, mainiacjoe_overflow_alcove_1,
          minmay_temple_entry_grid, grunt_decor_arrowhead,
          uniq_crazy_yiuf_cottage
Temple:   hellmonk_temple_flake

Skill      XL: |  1  2 |
---------------+-------+-----
Conjurations   | 5 |  5.1
Dodging        | |  2.4
Stealth        | |  2.4
Spellcasting   | |  3.0

Action                     || total
---------------------------++-------
   Cast: Magic Dart        ||    13
         Searing Ray       ||     1
 Invoke: Call Merchant     ||     1
    Use: Scroll            ||     2
